Capitals vs Blue Jackets
Created - February 9, 2022 at 19:20
Goals
|
| Capitals |
2 |
0 |
3 |
5 |
| Blue Jackets |
0 |
0 |
1 |
1 |
|
Shots
|
| Capitals |
9 |
6 |
14 |
29 |
| Blue Jackets |
9 |
6 |
11 |
26 |
|
1st period
1. Capitals , Sean Monahan 9 (Rick Nash 8) at 4:59
2. Capitals , Jason Spezza 14 (Mike Cammalleri 8) at 7:29 (PP)
Penalties :
Tyler Seguin (Clb) for Roughing (Minor) at 7:27, Alexei Marchenko (Was) for Tripping (Minor) at 12:13
2nd period
No Goal
Penalties :
Steve Bernier (Was) for Interference (Minor) at 2:30, PK Subban (Was) for Hooking (Minor) at 10:15, Rob Scuderi (Clb) for Tripping (Minor) at 16:31
3rd period
3. Blue Jackets , Max Pacioretty 9 (Eric Wellwood 10, Cody Hodgson 13) at 3:36
4. Capitals , T.J. Oshie 3 (William Karlsson 4, Cameron Gaunce 7) at 16:00
5. Capitals , Samuel Morin 4 (Rick Nash 9, Sean Monahan 10) at 16:38
6. Capitals , Jason Spezza 15 (PK Subban 10, Victor Hedman 7) at 19:48 (PP)
Penalties :
Mike Lundin (Clb) for Interference (Minor) at 1:17, Mark Stone (Was) for Hooking (Minor) at 3:55, PK Subban (Was) for Interference (Minor) at 12:32, Devin Setoguchi (Clb) for Roughing (Minor) at 19:35, Jason Spezza (Was) for High sticking (Minor) at 19:57
Goalie Stats
Cory Schneider (Was), 25 saves from 26 shots - (0.962), W, 8-10-4, 60:00 minutes
Rick DiPietro (Clb), 24 saves from 29 shots - (0.828), L, 3-9-3, 60:00 minutes
Players Stats for Capitals
Player Name G A P +/- PIM S H SB GA TA FO MP PP MP PK MP
------------------------------------------------------------------------------------
Alexei Marchenko 0 0 0 2 2 2 1 2 0 1 0/0 18:36 0:00 4:19
Blake Pietila 0 0 0 0 0 1 2 0 0 0 0/0 14:05 1:40 2:07
Brad Richardson 0 0 0 0 0 0 2 0 0 0 5/12 14:12 1:40 2:07
Cameron Gaunce 0 1 1 2 0 0 0 1 0 0 0/0 20:06 1:43 4:07
Jason Spezza 2 0 2 0 2 3 0 0 0 0 20/31 21:39 2:33 4:14
Mark Stone 0 0 0 0 2 2 0 0 0 0 0/0 10:22 0:00 0:00
Mike Cammalleri 0 1 1 0 0 1 3 1 0 0 0/1 19:44 2:33 3:04
Nikita Zaitsev 0 0 0 0 0 0 0 1 0 0 0/0 20:11 1:43 3:09
Patrick Sharp 0 0 0 1 0 2 0 0 0 0 1/1 10:43 0:00 0:00
PK Subban 0 1 1 0 4 0 0 0 1 1 0/0 22:36 2:30 2:31
Rick Nash 0 2 2 1 0 4 1 0 0 1 0/0 9:45 0:00 0:00
Samuel Morin 1 0 1 1 0 1 0 0 0 0 0/2 15:28 0:00 4:46
Sean Monahan 1 1 2 1 0 2 1 0 0 1 2/4 13:25 0:00 3:36
Steve Bernier 0 0 0 0 2 3 0 1 1 0 0/0 16:05 1:40 0:00
T.J. Oshie 1 0 1 1 0 3 2 0 0 0 1/1 13:16 2:33 0:00
Trevor Daley 0 0 0 0 0 0 2 0 0 0 0/0 15:17 0:00 1:21
Victor Hedman 0 1 1 0 0 1 0 1 0 1 0/0 23:44 2:30 4:27
William Karlsson 0 1 1 1 0 4 1 0 0 0 1/2 10:43 0:00 0:00
Players Stats for Blue Jackets
Player Name G A P +/- PIM S H SB GA TA FO MP PP MP PK MP
------------------------------------------------------------------------------------
Artemi Panarin 0 0 0 -2 0 4 1 1 0 0 0/1 22:16 4:58 2:19
Brandon Bollig 0 0 0 -1 0 2 1 0 0 0 0/0 12:05 0:38 0:03
Cam Fowler 0 0 0 -2 0 2 1 0 0 1 0/0 26:59 6:15 2:38
Cody Hodgson 0 1 1 1 0 0 1 1 0 0 6/13 17:19 4:22 1:10
Dennis Wideman 0 0 0 -1 0 0 0 0 0 0 0/0 11:14 0:00 0:06
Devin Setoguchi 0 0 0 -1 2 0 1 0 0 0 0/1 13:08 0:30 1:15
Emerson Etem 0 0 0 0 0 0 0 0 1 0 0/0 7:57 0:15 0:00
Eric Wellwood 0 1 1 1 0 2 1 0 0 0 0/0 16:07 4:22 0:00
Martin Havlat 0 0 0 0 0 1 0 0 1 0 0/0 7:42 0:00 0:00
Max Pacioretty 1 0 1 1 0 2 0 0 0 0 0/0 17:08 4:22 1:01
Mike Lundin 0 0 0 -2 2 0 4 2 0 0 0/0 25:34 6:15 1:14
Nick Leddy 0 0 0 1 0 2 2 1 2 0 0/0 22:09 3:42 1:49
Pavel Datsyuk 0 0 0 -1 0 2 2 0 1 0 3/4 11:54 0:30 0:00
Rob Scuderi 0 0 0 1 2 1 0 0 0 0 0/0 21:06 3:42 0:48
Shea Theodore 0 0 0 -1 0 0 0 1 0 0 0/0 12:58 0:00 1:51
Tyler Kennedy 0 0 0 -2 0 2 2 1 0 0 2/4 19:54 4:57 0:00
Tyler Seguin 0 0 0 -2 2 3 2 0 0 1 13/30 22:31 4:57 2:38
Zac Dalpe 0 0 0 0 0 3 1 0 0 0 0/1 7:42 0:00 0:00
3 Stars
1 - Sean Monahan (Was)
2 - Jason Spezza (Was)
3 - Cory Schneider (Was)
Power Play
Capitals - 2 on 4 Attempt(s) - 50.00%
Blue Jackets - 0 on 6 Attempt(s) - 0.00%
Penalty Kill
Capitals - 6 on 6 Attempt(s) - 100.00%
- Score 0 goal in Penalty Kill
Blue Jackets - 2 on 4 Attempt(s) - 50.00%
- Score 0 goal in Penalty Kill
Team Stat
Capitals - Hits : 15 - Faceoff Wins : 30 - Blocked Shots : 7 - Penalty Minutes : 12
Blue Jackets - Hits : 19 - Faceoff Wins : 24 - Blocked Shots : 7 - Penalty Minutes : 8
Official
Referees : Brandon Blandina and Jon McIsaac
Linesman : Julien Fournier and Vaughan Rody
Game Notes
16:38 of 3rd period - Capitals goal is going for a video replay. After video review, Goal.
Finance
Level 1 -- Attendance: 5572 (92.87%) -- Ticket Income $557,200
Level 2 -- Attendance: 4317 (86.34%) -- Ticket Income $259,020
Level 3 -- Attendance: 1837 (91.85%) -- Ticket Income $64,295
Level 4 -- Attendance: 3723 (93.08%) -- Ticket Income $93,075
Luxury Box -- Attendance: 930 (93.00%) -- Ticket Income $186,000
Game was played at the Nationwide arena.
Total Attendance: 16379 (90.99%)
Total Ticket Income: $1,159,590
Other Income: $173,938
Total Income: $1,333,528
Capitals
5 vs 5 Forward
Center Left Wing Right Wing Time % Phy DF OF
1 Jason Spezza Mike Cammalleri Steve Bernier 35 0 1 4
2 Brad Richardson Blake Pietila Mark Stone 25 0 2 3
3 Sean Monahan Samuel Morin Rick Nash 20 0 2 3
4 William Karlsson Patrick Sharp T.J. Oshie 20 0 3 2
5 vs 5 Defense
Defense Defense Time % Phy DF OF
1 Victor Hedman PK Subban 35 0 3 2
2 Alexei Marchenko Cameron Gaunce 30 0 4 1
3 Trevor Daley Nikita Zaitsev 30 0 4 1
4 Victor Hedman PK Subban 5 0 3 2
PowerPlay Forward
Center Left Wing Right Wing Time % Phy DF OF
1 Jason Spezza Mike Cammalleri T.J. Oshie 60 0 1 4
2 Brad Richardson Blake Pietila Steve Bernier 40 0 1 4
PowerPlay Defense
Defense Defense Time % Phy DF OF
1 PK Subban Victor Hedman 60 0 2 3
2 Cameron Gaunce Nikita Zaitsev 40 0 2 3
Penalty Kill 4 Players Forward
Center Wing Time % Phy DF OF
1 Jason Spezza Samuel Morin 60 0 4 1
2 Sean Monahan Mike Cammalleri 40 0 4 1
Penalty Kill 4 Players Defense
Defense Defense Time % Phy DF OF
1 PK Subban Alexei Marchenko 60 0 4 1
2 Victor Hedman Nikita Zaitsev 40 0 4 1
Penalty Kill - 3 Players Forward
Forward Time % Phy DF OF
1 Jason Spezza 60 0 5 0
2 Sean Monahan 40 0 5 0
Penalty Kill - 3 Players Defense
Defense Defense Time % Phy DF OF
1 PK Subban Alexei Marchenko 60 0 5 0
2 Victor Hedman Nikita Zaitsev 40 0 5 0
4 vs 4 Forward
Center Wing Time % Phy DF OF
1 Jason Spezza Mike Cammalleri 60 0 2 3
2 Sean Monahan Rick Nash 40 0 2 3
4 vs 4 Defense
Defense Defense Time % Phy DF OF
1 PK Subban Victor Hedman 60 0 2 3
2 Cameron Gaunce Alexei Marchenko 40 0 2 3
Last Minutes Offensive
Center Left Wing Right Wing Defense Defense
Jason Spezza Mike Cammalleri Mark Stone PK Subban Victor Hedman
Last Minutes Defensive
Center Left Wing Right Wing Defense Defense
Jason Spezza Samuel Morin Rick Nash PK Subban Victor Hedman
Goaltenders
Starting : Cory Schneider
Backup : Chet Pickard
Extra Forwards
Normal : Jason Spezza, Mike Cammalleri, T.J. Oshie - PP : Jason Spezza, Mike Cammalleri - PK : Jason Spezza
Extra Defensemen
Normal : PK Subban, Victor Hedman, Alexei Marchenko - PP : PK Subban - PK : Victor Hedman, PK Subban
Penalty Shots
Jason Spezza, Mike Cammalleri, Mark Stone, Patrick Sharp, Victor Hedman
Scratches
Antoine Vermette (Healthy), Jared Spurgeon (Healthy), Kevin Connauton (Healthy)
Blue Jackets
5 vs 5 Forward
Center Left Wing Right Wing Time % Phy DF OF
1 Tyler Seguin Artemi Panarin Tyler Kennedy 40 1 2 2
2 Cody Hodgson Max Pacioretty Eric Wellwood 30 1 2 2
3 Pavel Datsyuk Brandon Bollig Devin Setoguchi 20 1 2 2
4 Zac Dalpe Emerson Etem Martin Havlat 10 1 2 2
5 vs 5 Defense
Defense Defense Time % Phy DF OF
1 Cam Fowler Mike Lundin 40 1 2 2
2 Nick Leddy Rob Scuderi 30 1 2 2
3 Dennis Wideman Shea Theodore 20 1 2 2
4 Cam Fowler Mike Lundin 10 1 2 2
PowerPlay Forward
Center Left Wing Right Wing Time % Phy DF OF
1 Tyler Seguin Artemi Panarin Tyler Kennedy 60 1 2 2
2 Cody Hodgson Max Pacioretty Eric Wellwood 40 1 2 2
PowerPlay Defense
Defense Defense Time % Phy DF OF
1 Cam Fowler Mike Lundin 60 1 2 2
2 Nick Leddy Rob Scuderi 40 1 2 2
Penalty Kill 4 Players Forward
Center Wing Time % Phy DF OF
1 Tyler Seguin Artemi Panarin 60 1 2 2
2 Cody Hodgson Max Pacioretty 40 1 2 2
Penalty Kill 4 Players Defense
Defense Defense Time % Phy DF OF
1 Cam Fowler Mike Lundin 60 1 2 2
2 Nick Leddy Rob Scuderi 40 1 2 2
Penalty Kill - 3 Players Forward
Forward Time % Phy DF OF
1 Tyler Seguin 60 1 2 2
2 Artemi Panarin 40 1 2 2
Penalty Kill - 3 Players Defense
Defense Defense Time % Phy DF OF
1 Cam Fowler Mike Lundin 60 1 2 2
2 Nick Leddy Rob Scuderi 40 1 2 2
4 vs 4 Forward
Center Wing Time % Phy DF OF
1 Tyler Seguin Artemi Panarin 60 1 2 2
2 Cody Hodgson Max Pacioretty 40 1 2 2
4 vs 4 Defense
Defense Defense Time % Phy DF OF
1 Cam Fowler Mike Lundin 60 1 2 2
2 Nick Leddy Rob Scuderi 40 1 2 2
Last Minutes Offensive
Center Left Wing Right Wing Defense Defense
Tyler Seguin Artemi Panarin Tyler Kennedy Cam Fowler Mike Lundin
Last Minutes Defensive
Center Left Wing Right Wing Defense Defense
Tyler Seguin Artemi Panarin Tyler Kennedy Cam Fowler Mike Lundin
Goaltenders
Starting : Rick DiPietro
Backup : Andrei Vasilevskiy
Extra Forwards
Normal : Pavel Datsyuk, Brandon Bollig, Devin Setoguchi - PP : Pavel Datsyuk, Brandon Bollig - PK : Devin Setoguchi
Extra Defensemen
Normal : Dennis Wideman, Shea Theodore, Nick Leddy - PP : Dennis Wideman - PK : Shea Theodore, Nick Leddy
Penalty Shots
Tyler Seguin, Artemi Panarin, Cody Hodgson, Max Pacioretty, Pavel Datsyuk
Scratches
Andreas Nodl (Healthy), Ryan Wilson (Healthy)
% Time on Ice - Capitals
Lines # - Real PCT - Wanted PCT - Time Play
Normal Forward
1 - 33% - 35% - 15:00
2 - 23% - 25% - 10:22
3 - 21% - 20% - 9:45
4 - 23% - 20% - 10:43
Normal Defense
1 - 37% - 35% - 16:48
2 - 30% - 30% - 13:53
3 - 30% - 30% - 13:56
4 - 3% - 5% - 1:13
PP Forward
1 - 60% - 60% - 2:33
2 - 40% - 40% - 1:40
PP Defense
1 - 59% - 60% - 2:30
2 - 41% - 40% - 1:43
PK Forward
1 - 69% - 60% - 6:53
2 - 31% - 40% - 3:04
PK Defense
1 - 68% - 60% - 6:48
2 - 32% - 40% - 3:09
PK3 Forward
1 - 0% - 60%
2 - 0% - 40%
PK3 Defense
1 - 0% - 60%
2 - 0% - 40%
44 Forward
1 - 0% - 60%
2 - 0% - 40%
44 Defense
1 - 0% - 60%
2 - 0% - 40%
Last Minute Offensive - 0:00
Last Minute Defensive - 0:00
Total
Forward - 60:00
Defense - 60:00
|
% Time on Ice - Blue Jackets
Lines # - Real PCT - Wanted PCT - Time Play
Normal Forward
1 - 33% - 40% - 14:59
2 - 26% - 30% - 11:45
3 - 25% - 20% - 11:24
4 - 17% - 10% - 7:42
Normal Defense
1 - 37% - 40% - 17:05
2 - 36% - 30% - 16:37
3 - 24% - 20% - 11:07
4 - 2% - 10% - 1:01
PP Forward
1 - 56% - 60% - 5:35
2 - 44% - 40% - 4:22
PP Defense
1 - 63% - 60% - 6:15
2 - 37% - 40% - 3:42
PK Forward
1 - 76% - 60% - 3:12
2 - 24% - 40% - 1:01
PK Defense
1 - 62% - 60% - 2:38
2 - 38% - 40% - 1:35
PK3 Forward
1 - 0% - 60%
2 - 0% - 40%
PK3 Defense
1 - 0% - 60%
2 - 0% - 40%
44 Forward
1 - 0% - 60%
2 - 0% - 40%
44 Defense
1 - 0% - 60%
2 - 0% - 40%
Last Minute Offensive - 0:00
Last Minute Defensive - 0:00
Total
Forward - 60:00
Defense - 60:00
|
Play-by-Play
1st period
0:01 of 1st period - Jason Spezza wins face-off versus Tyler Seguin in neutral zone.
0:04 of 1st period - Slapshot by Victor Hedman.
0:04 of 1st period - Stopped by Rick DiPietro without a rebound.
0:05 of 1st period - Jason Spezza wins face-off versus Tyler Seguin in Blue Jackets zone.
0:11 of 1st period - Icing by Artemi Panarin.
0:12 of 1st period - Brad Richardson wins face-off versus Tyler Seguin in Blue Jackets zone.
0:19 of 1st period - Wrist shot by Blake Pietila.
0:19 of 1st period - Stopped by Rick DiPietro with a rebound.
0:29 of 1st period - Slapshot by Tyler Kennedy.
0:29 of 1st period - Stopped by Cory Schneider with a rebound.
0:41 of 1st period - Alexei Marchenko is hit by Cam Fowler and loses puck.
0:48 of 1st period - Snap shot by Artemi Panarin.
0:48 of 1st period - Stopped by Cory Schneider with a rebound.
0:50 of 1st period - Snap shot by Artemi Panarin.
0:50 of 1st period - Shot Misses the Net.
0:52 of 1st period - Slapshot by Mike Lundin.
0:52 of 1st period - Shot Misses the Net.
1:00 of 1st period - Snap shot by Artemi Panarin.
1:00 of 1st period - Stopped by Cory Schneider with a rebound.
1:02 of 1st period - Slapshot by Mike Lundin.
1:02 of 1st period - Shot Blocked by Cameron Gaunce.
1:31 of 1st period - Snap shot by Tyler Seguin.
1:31 of 1st period - Shot Misses the Net.
1:33 of 1st period - Slapshot by Mike Lundin.
1:33 of 1st period - Shot Blocked by Alexei Marchenko.
1:41 of 1st period - Wrist shot by Artemi Panarin.
1:41 of 1st period - Deflect By Tyler Seguin.
1:41 of 1st period - Shot Misses the Net.
1:41 of 1st period - Puck is out of play.
1:42 of 1st period - Jason Spezza wins face-off versus Cody Hodgson in Capitals zone.
2:09 of 1st period - Rob Scuderi is hit by Rick Nash and loses puck.
3:18 of 1st period - Wrist shot by Zac Dalpe.
3:18 of 1st period - Stopped by Cory Schneider without a rebound.
3:19 of 1st period - Jason Spezza wins face-off versus Zac Dalpe in Capitals zone.
3:19 of 1st period - Jason Spezza is hit by Zac Dalpe.
3:27 of 1st period - Wrist shot by Zac Dalpe.
3:27 of 1st period - Shot Misses the Net.
3:29 of 1st period - Wrist shot by Martin Havlat.
3:29 of 1st period - Stopped by Cory Schneider with a rebound.
3:45 of 1st period - Dennis Wideman is hit by Trevor Daley and loses puck.
4:12 of 1st period - Snap shot by Rick Nash.
4:12 of 1st period - Stopped by Rick DiPietro with a rebound.
4:14 of 1st period - Snap shot by Cameron Gaunce.
4:14 of 1st period - Shot Misses the Net.
4:16 of 1st period - Slapshot by Alexei Marchenko.
4:16 of 1st period - Shot Hit the Post.
4:18 of 1st period - Snap shot by Alexei Marchenko.
4:18 of 1st period - Stopped by Rick DiPietro without a rebound.
4:19 of 1st period - Tyler Seguin wins face-off versus Jason Spezza in Blue Jackets zone.
4:46 of 1st period - PK Subban is hit by Nick Leddy and loses puck.
4:55 of 1st period - Slapshot by Victor Hedman.
4:55 of 1st period - Deflect By Patrick Sharp.
4:55 of 1st period - Shot Blocked by Mike Lundin.
4:55 of 1st period - Puck is out of play.
4:56 of 1st period - Sean Monahan wins face-off versus Pavel Datsyuk in Blue Jackets zone.
4:59 of 1st period - Wrist shot by Sean Monahan.
4:59 of 1st period - Goal by Sean Monahan - Capitals : 1 - Blue Jackets : 0.
5:00 of 1st period - Jason Spezza wins face-off versus Cody Hodgson in neutral zone.
6:45 of 1st period - Snap shot by Mark Stone.
6:45 of 1st period - Stopped by Rick DiPietro without a rebound.
6:46 of 1st period - Cody Hodgson wins face-off versus Jason Spezza in Blue Jackets zone.
7:12 of 1st period - Off-side.
7:13 of 1st period - Tyler Seguin wins face-off versus Samuel Morin in neutral zone.
7:27 of 1st period - Minor Penalty to Tyler Seguin for Roughing.
7:28 of 1st period - Jason Spezza wins face-off versus Devin Setoguchi in Blue Jackets zone.
7:29 of 1st period - Snap shot by Mike Cammalleri.
7:29 of 1st period - Deflect By Jason Spezza.
7:29 of 1st period - Goal by Jason Spezza - Capitals : 2 - Blue Jackets : 0.
7:30 of 1st period - Pavel Datsyuk wins face-off versus William Karlsson in neutral zone.
8:17 of 1st period - Icing by Mike Lundin.
8:18 of 1st period - Brad Richardson wins face-off versus Cody Hodgson in Blue Jackets zone.
8:19 of 1st period - Snap shot by Mark Stone.
8:19 of 1st period - Stopped by Rick DiPietro with a rebound.
9:43 of 1st period - Snap shot by Pavel Datsyuk.
9:43 of 1st period - Stopped by Cory Schneider with a rebound.
9:49 of 1st period - Slapshot by Brandon Bollig.
9:49 of 1st period - Stopped by Cory Schneider without a rebound.
9:50 of 1st period - Tyler Seguin wins face-off versus Jason Spezza in Capitals zone.
10:39 of 1st period - Slapshot by Zac Dalpe.
10:39 of 1st period - Stopped by Cory Schneider with a rebound.
12:13 of 1st period - Minor Penalty to Alexei Marchenko for Tripping.
12:14 of 1st period - Tyler Seguin wins face-off versus Jason Spezza in Capitals zone.
14:13 of 1st period - Penalty to Alexei Marchenko is over, Alexei Marchenko is back on ice.
14:24 of 1st period - Pavel Datsyuk is hit by T.J. Oshie.
14:50 of 1st period - Wrist shot by Emerson Etem.
14:50 of 1st period - Shot Misses the Net.
15:22 of 1st period - Trevor Daley is hit by Tyler Kennedy and loses puck.
16:07 of 1st period - Samuel Morin is hit by Cody Hodgson.
16:23 of 1st period - Snap shot by Steve Bernier.
16:23 of 1st period - Stopped by Rick DiPietro without a rebound.
16:24 of 1st period - Jason Spezza wins face-off versus Tyler Seguin in Blue Jackets zone.
17:32 of 1st period - Icing by Steve Bernier.
17:33 of 1st period - William Karlsson wins face-off versus Tyler Seguin in Capitals zone.
17:40 of 1st period - Slapshot by Trevor Daley.
17:40 of 1st period - Shot Misses the Net.
18:24 of 1st period - Slapshot by Brandon Bollig.
18:24 of 1st period - Stopped by Cory Schneider without a rebound.
18:25 of 1st period - Pavel Datsyuk wins face-off versus Brad Richardson in Capitals zone.
19:17 of 1st period - Eric Wellwood is hit by William Karlsson and loses puck.
Goals for this period are 2 for Capitals vs 0 for Blue Jackets.
Shots for this period are 9 for Capitals vs 9 for Blue Jackets.
2nd period
0:01 of 2nd period - Jason Spezza wins face-off versus Artemi Panarin in neutral zone.
0:06 of 2nd period - Tyler Kennedy is hit by Mike Cammalleri and loses puck.
0:16 of 2nd period - Slapshot by Mike Lundin.
0:16 of 2nd period - Deflect By Artemi Panarin.
0:16 of 2nd period - Stopped by Cory Schneider with a rebound.
0:26 of 2nd period - Alexei Marchenko is hit by Mike Lundin and loses puck.
0:31 of 2nd period - Wrist shot by Max Pacioretty.
0:31 of 2nd period - Shot Misses the Net.
0:56 of 2nd period - Off-side.
0:57 of 2nd period - Tyler Kennedy wins face-off versus Jason Spezza in neutral zone.
1:00 of 2nd period - Snap shot by Mike Lundin.
1:00 of 2nd period - Deflect By Tyler Seguin.
1:00 of 2nd period - Stopped by Cory Schneider with a rebound.
1:02 of 2nd period - Slapshot by Cam Fowler.
1:02 of 2nd period - Stopped by Cory Schneider with a rebound.
1:04 of 2nd period - Wrist shot by Artemi Panarin.
1:04 of 2nd period - Stopped by Cory Schneider with a rebound.
1:06 of 2nd period - Slapshot by Tyler Seguin.
1:06 of 2nd period - Deflect By Tyler Kennedy.
1:06 of 2nd period - Shot Misses the Net.
1:06 of 2nd period - Puck is out of play.
1:07 of 2nd period - Jason Spezza wins face-off versus Tyler Seguin in Capitals zone.
1:21 of 2nd period - Wrist shot by Steve Bernier.
1:21 of 2nd period - Stopped by Rick DiPietro with a rebound.
2:04 of 2nd period - Mike Cammalleri is hit by Mike Lundin and loses puck.
2:30 of 2nd period - Minor Penalty to Steve Bernier for Interference.
2:31 of 2nd period - Cody Hodgson wins face-off versus Brad Richardson in Capitals zone.
2:35 of 2nd period - Slapshot by Cody Hodgson.
2:35 of 2nd period - Shot Misses the Net.
2:37 of 2nd period - Snap shot by Eric Wellwood.
2:37 of 2nd period - Shot Blocked by Alexei Marchenko.
3:21 of 2nd period - Nikita Zaitsev is hit by Mike Lundin and loses puck.
3:44 of 2nd period - Alexei Marchenko is hit by Brandon Bollig and loses puck.
4:30 of 2nd period - Penalty to Steve Bernier is over, Steve Bernier is back on ice.
5:43 of 2nd period - Artemi Panarin is hit by Sean Monahan and loses puck.
5:57 of 2nd period - PK Subban is hit by Tyler Seguin and loses puck.
6:43 of 2nd period - Wrist shot by Jason Spezza.
6:43 of 2nd period - Deflect By Mike Cammalleri.
6:43 of 2nd period - Stopped by Rick DiPietro without a rebound.
6:44 of 2nd period - Jason Spezza wins face-off versus Cody Hodgson in Blue Jackets zone.
7:19 of 2nd period - William Karlsson is hit by Pavel Datsyuk.
7:23 of 2nd period - T.J. Oshie is hit by Pavel Datsyuk and loses puck.
8:24 of 2nd period - Wrist shot by T.J. Oshie.
8:24 of 2nd period - Stopped by Rick DiPietro without a rebound.
8:25 of 2nd period - Tyler Seguin wins face-off versus Jason Spezza in Blue Jackets zone.
8:30 of 2nd period - Slapshot by Cam Fowler.
8:30 of 2nd period - Shot Misses the Net.
8:36 of 2nd period - Wrist shot by Tyler Seguin.
8:36 of 2nd period - Shot Misses the Net.
8:38 of 2nd period - Snap shot by Tyler Seguin.
8:38 of 2nd period - Stopped by Cory Schneider without a rebound.
8:39 of 2nd period - Cody Hodgson wins face-off versus Brad Richardson in Capitals zone.
8:50 of 2nd period - Wrist shot by Eric Wellwood.
8:50 of 2nd period - Stopped by Cory Schneider without a rebound.
8:51 of 2nd period - Tyler Seguin wins face-off versus Jason Spezza in Capitals zone.
8:55 of 2nd period - Icing by Nikita Zaitsev.
8:56 of 2nd period - Jason Spezza wins face-off versus Tyler Seguin in Capitals zone.
8:56 of 2nd period - Jason Spezza is hit by Tyler Seguin.
9:49 of 2nd period - Backhand shot by Emerson Etem.
9:49 of 2nd period - Deflect By Zac Dalpe.
9:49 of 2nd period - Shot Misses the Net.
9:49 of 2nd period - Puck is out of play.
9:50 of 2nd period - Jason Spezza wins face-off versus Tyler Seguin in Capitals zone.
10:01 of 2nd period - Snap shot by Steve Bernier.
10:01 of 2nd period - Shot Blocked by Artemi Panarin.
10:15 of 2nd period - Minor Penalty to PK Subban for Hooking.
10:16 of 2nd period - Tyler Seguin wins face-off versus Samuel Morin in Capitals zone.
12:15 of 2nd period - Penalty to PK Subban is over, PK Subban is back on ice.
12:31 of 2nd period - Snap shot by Jason Spezza.
12:31 of 2nd period - Shot Misses the Net.
12:44 of 2nd period - Off-side.
12:45 of 2nd period - Pavel Datsyuk wins face-off versus Brad Richardson in neutral zone.
14:02 of 2nd period - Rick Nash is hit by Devin Setoguchi.
14:29 of 2nd period - Cody Hodgson is hit by Blake Pietila and loses puck.
14:40 of 2nd period - Mike Lundin is hit by Blake Pietila.
15:45 of 2nd period - Trevor Daley is hit by Eric Wellwood and loses puck.
16:00 of 2nd period - Snap shot by William Karlsson.
16:00 of 2nd period - Stopped by Rick DiPietro with a rebound.
16:02 of 2nd period - Slapshot by T.J. Oshie.
16:02 of 2nd period - Stopped by Rick DiPietro with a rebound.
16:04 of 2nd period - Slapshot by Alexei Marchenko.
16:04 of 2nd period - Stopped by Rick DiPietro with a rebound.
16:06 of 2nd period - Slapshot by Cameron Gaunce.
16:06 of 2nd period - Shot Blocked by Nick Leddy.
16:31 of 2nd period - Minor Penalty to Rob Scuderi for Tripping.
16:32 of 2nd period - Jason Spezza wins face-off versus Tyler Seguin in Blue Jackets zone.
16:58 of 2nd period - Artemi Panarin is hit by Brad Richardson and loses puck.
18:07 of 2nd period - Mike Lundin is hit by Brad Richardson and loses puck.
18:31 of 2nd period - Penalty to Rob Scuderi is over, Rob Scuderi is back on ice.
18:31 of 2nd period - Icing by Brad Richardson.
18:32 of 2nd period - Cody Hodgson wins face-off versus Brad Richardson in Capitals zone.
18:43 of 2nd period - Slapshot by Max Pacioretty.
18:43 of 2nd period - Shot Blocked by Steve Bernier.
Goals for this period are 0 for Capitals vs 0 for Blue Jackets.
Shots for this period are 6 for Capitals vs 6 for Blue Jackets.
3rd period
0:01 of 3rd period - Jason Spezza wins face-off versus Tyler Seguin in neutral zone.
0:58 of 3rd period - Wrist shot by Sean Monahan.
0:58 of 3rd period - Stopped by Rick DiPietro without a rebound.
0:59 of 3rd period - Jason Spezza wins face-off versus Tyler Seguin in Blue Jackets zone.
1:10 of 3rd period - Snap shot by Mike Cammalleri.
1:10 of 3rd period - Deflect By Steve Bernier.
1:10 of 3rd period - Stopped by Rick DiPietro without a rebound.
1:11 of 3rd period - Jason Spezza wins face-off versus Tyler Seguin in Blue Jackets zone.
1:17 of 3rd period - Minor Penalty to Mike Lundin for Interference.
1:18 of 3rd period - Jason Spezza wins face-off versus Tyler Seguin in Blue Jackets zone.
1:22 of 3rd period - Snap shot by T.J. Oshie.
1:22 of 3rd period - Shot Blocked by Shea Theodore.
1:24 of 3rd period - Wrist shot by PK Subban.
1:24 of 3rd period - Shot Misses the Net.
2:02 of 3rd period - Off-side.
2:03 of 3rd period - Brad Richardson wins face-off versus Cody Hodgson in neutral zone.
2:56 of 3rd period - Cody Hodgson is hit by Mike Cammalleri and loses puck.
3:17 of 3rd period - Penalty to Mike Lundin is over, Mike Lundin is back on ice.
3:28 of 3rd period - Slapshot by Zac Dalpe.
3:28 of 3rd period - Stopped by Cory Schneider without a rebound.
3:29 of 3rd period - Cody Hodgson wins face-off versus Sean Monahan in Capitals zone.
3:36 of 3rd period - Snap shot by Max Pacioretty.
3:36 of 3rd period - Goal by Max Pacioretty - Capitals : 2 - Blue Jackets : 1.
3:37 of 3rd period - Tyler Seguin wins face-off versus Jason Spezza in neutral zone.
3:42 of 3rd period - Wrist shot by Tyler Seguin.
3:42 of 3rd period - Shot Blocked by Nikita Zaitsev.
3:52 of 3rd period - Slapshot by Tyler Seguin.
3:52 of 3rd period - Deflect By Tyler Kennedy.
3:52 of 3rd period - Shot Misses the Net.
3:52 of 3rd period - Puck is out of play.
3:53 of 3rd period - Brad Richardson wins face-off versus Cody Hodgson in Capitals zone.
3:55 of 3rd period - Minor Penalty to Mark Stone for Hooking.
3:56 of 3rd period - Jason Spezza wins face-off versus Tyler Kennedy in Capitals zone.
5:08 of 3rd period - Cam Fowler is hit by Mike Cammalleri and loses puck.
5:43 of 3rd period - Wrist shot by Tyler Seguin.
5:43 of 3rd period - Stopped by Cory Schneider with a rebound.
5:47 of 3rd period - Wrist shot by Tyler Seguin.
5:47 of 3rd period - Shot Misses the Net.
5:49 of 3rd period - Slapshot by Cam Fowler.
5:49 of 3rd period - Shot Misses the Net.
5:51 of 3rd period - Slapshot by Cam Fowler.
5:51 of 3rd period - Stopped by Cory Schneider without a rebound.
5:52 of 3rd period - Jason Spezza wins face-off versus Cody Hodgson in Capitals zone.
5:55 of 3rd period - Penalty to Mark Stone is over, Mark Stone is back on ice.
6:07 of 3rd period - Slapshot by Mark Stone.
6:07 of 3rd period - Shot Misses the Net.
6:19 of 3rd period - Rob Scuderi is hit by T.J. Oshie and loses puck.
6:28 of 3rd period - Slapshot by Nick Leddy.
6:28 of 3rd period - Stopped by Cory Schneider with a rebound.
7:24 of 3rd period - Pavel Datsyuk is hit by Trevor Daley and loses puck.
7:40 of 3rd period - Nikita Zaitsev is hit by Nick Leddy and loses puck.
8:12 of 3rd period - Snap shot by Patrick Sharp.
8:12 of 3rd period - Stopped by Rick DiPietro with a rebound.
8:14 of 3rd period - Slapshot by Patrick Sharp.
8:14 of 3rd period - Stopped by Rick DiPietro with a rebound.
8:16 of 3rd period - Snap shot by T.J. Oshie.
8:16 of 3rd period - Shot Blocked by Mike Lundin.
8:18 of 3rd period - Snap shot by Patrick Sharp.
8:18 of 3rd period - Shot Misses the Net.
8:20 of 3rd period - Wrist shot by William Karlsson.
8:20 of 3rd period - Stopped by Rick DiPietro without a rebound.
8:21 of 3rd period - Tyler Seguin wins face-off versus Brad Richardson in Blue Jackets zone.
9:10 of 3rd period - Max Pacioretty is hit by Alexei Marchenko and loses puck.
10:26 of 3rd period - Wrist shot by Sean Monahan.
10:26 of 3rd period - Shot Blocked by Cody Hodgson.
10:40 of 3rd period - Wrist shot by Tyler Kennedy.
10:40 of 3rd period - Stopped by Cory Schneider with a rebound.
11:20 of 3rd period - Snap shot by Pavel Datsyuk.
11:20 of 3rd period - Stopped by Cory Schneider with a rebound.
11:28 of 3rd period - Slapshot by Pavel Datsyuk.
11:28 of 3rd period - Shot Misses the Net.
12:22 of 3rd period - Snap shot by Mike Cammalleri.
12:22 of 3rd period - Shot Misses the Net.
12:32 of 3rd period - Minor Penalty to PK Subban for Interference.
12:33 of 3rd period - Jason Spezza wins face-off versus Tyler Seguin in Capitals zone.
12:44 of 3rd period - Alexei Marchenko is hit by Mike Lundin and loses puck.
14:23 of 3rd period - Icing by Tyler Kennedy.
14:24 of 3rd period - Tyler Seguin wins face-off versus Brad Richardson in Blue Jackets zone.
14:32 of 3rd period - Penalty to PK Subban is over, PK Subban is back on ice.
14:49 of 3rd period - Backhand shot by T.J. Oshie.
14:49 of 3rd period - Shot Misses the Net.
14:51 of 3rd period - Slapshot by William Karlsson.
14:51 of 3rd period - Stopped by Rick DiPietro with a rebound.
15:03 of 3rd period - Slapshot by Nick Leddy.
15:03 of 3rd period - Shot Misses the Net.
15:29 of 3rd period - Wrist shot by Jason Spezza.
15:29 of 3rd period - Stopped by Rick DiPietro with a rebound.
15:31 of 3rd period - Slapshot by Nikita Zaitsev.
15:31 of 3rd period - Shot Misses the Net.
15:50 of 3rd period - Snap shot by Artemi Panarin.
15:50 of 3rd period - Deflect By Tyler Seguin.
15:50 of 3rd period - Shot Misses the Net.
15:50 of 3rd period - Puck is out of play.
15:51 of 3rd period - Patrick Sharp wins face-off versus Tyler Kennedy in Capitals zone.
15:58 of 3rd period - Snap shot by William Karlsson.
15:58 of 3rd period - Stopped by Rick DiPietro with a rebound.
16:00 of 3rd period - Wrist shot by T.J. Oshie.
16:00 of 3rd period - Goal by T.J. Oshie - Capitals : 3 - Blue Jackets : 1.
16:01 of 3rd period - Tyler Kennedy wins face-off versus Sean Monahan in neutral zone.
16:08 of 3rd period - Snap shot by Rick Nash.
16:08 of 3rd period - Stopped by Rick DiPietro without a rebound.
16:09 of 3rd period - Sean Monahan wins face-off versus Tyler Seguin in Blue Jackets zone.
16:10 of 3rd period - Snap shot by Rick Nash.
16:10 of 3rd period - Stopped by Rick DiPietro with a rebound.
16:12 of 3rd period - Slapshot by Cameron Gaunce.
16:12 of 3rd period - Shot Misses the Net.
16:30 of 3rd period - Wrist shot by Sean Monahan.
16:30 of 3rd period - Shot Misses the Net.
16:32 of 3rd period - Wrist shot by Sean Monahan.
16:32 of 3rd period - Shot Blocked by Tyler Kennedy.
16:34 of 3rd period - Backhand shot by Rick Nash.
16:34 of 3rd period - Stopped by Rick DiPietro with a rebound.
16:36 of 3rd period - Snap shot by Samuel Morin.
16:36 of 3rd period - Shot Misses the Net.
16:38 of 3rd period - Wrist shot by Samuel Morin.
16:38 of 3rd period - Capitals goal is going for a video replay.
16:38 of 3rd period - The goal is good.
16:38 of 3rd period - Goal by Samuel Morin - Capitals : 4 - Blue Jackets : 1.
16:39 of 3rd period - Tyler Seguin wins face-off versus Mike Cammalleri in neutral zone.
16:42 of 3rd period - Jason Spezza is hit by Artemi Panarin and loses puck.
16:52 of 3rd period - Off-side.
16:53 of 3rd period - Tyler Seguin wins face-off versus Jason Spezza in neutral zone.
17:08 of 3rd period - Wrist shot by Tyler Kennedy.
17:08 of 3rd period - Shot Blocked by Mike Cammalleri.
17:29 of 3rd period - Wrist shot by Eric Wellwood.
17:29 of 3rd period - Stopped by Cory Schneider with a rebound.
18:07 of 3rd period - Wrist shot by Zac Dalpe.
18:07 of 3rd period - Shot Misses the Net.
18:09 of 3rd period - Slapshot by Nick Leddy.
18:09 of 3rd period - Stopped by Cory Schneider with a rebound.
18:37 of 3rd period - Snap shot by Nick Leddy.
18:37 of 3rd period - Shot Blocked by Victor Hedman.
18:39 of 3rd period - Slapshot by Rob Scuderi.
18:39 of 3rd period - Stopped by Cory Schneider without a rebound.
18:40 of 3rd period - Cody Hodgson wins face-off versus Jason Spezza in Capitals zone.
18:41 of 3rd period - Snap shot by Max Pacioretty.
18:41 of 3rd period - Stopped by Cory Schneider with a rebound.
19:05 of 3rd period - Mark Stone is hit by Tyler Kennedy and loses puck.
19:35 of 3rd period - Minor Penalty to Devin Setoguchi for Roughing.
19:36 of 3rd period - T.J. Oshie wins face-off versus Tyler Seguin in Blue Jackets zone.
19:48 of 3rd period - Slapshot by PK Subban.
19:48 of 3rd period - Deflect By Jason Spezza.
19:48 of 3rd period - Goal by Jason Spezza - Capitals : 5 - Blue Jackets : 1.
19:49 of 3rd period - Tyler Seguin wins face-off versus Jason Spezza in neutral zone.
19:57 of 3rd period - Minor Penalty to Jason Spezza for High sticking.
19:58 of 3rd period - Brad Richardson wins face-off versus Tyler Seguin in Capitals zone.
Goals for this period are 3 for Capitals vs 1 for Blue Jackets.
Shots for this period are 14 for Capitals vs 11 for Blue Jackets.